Map: Mech Depot LE

Players

omegabanana

  • Race: Protoss Protoss
  • League: Gold
  • Spawn Location: 1:00

McMonMEMEroe - Winner!

  • Race: Zerg Zerg
  • League: Master
  • Spawn Location: 7:00

VOD

https://go.twitch.tv/videos/186074637

Description

Time

  • Played on: Oct. 29, 2017, 1:53 p.m.
  • Length: 26:11
Show
View Real Time Build Order
Export as new Build Order

omegabanana Protoss 

Build Orders: 1 Gate Expand, Zealot Archon 

Get SALT Encoding   

  12  0:00  Probe (Chrono Boost)  
  13  0:11  Probe (Chrono Boost)  
  14  0:18  Pylon  
  14  0:22  Probe (Chrono Boost)  
  15  0:36  Probe (Chrono Boost)  
  15  0:40  Gateway  
  16  0:44  Assimilator  
  16  0:47  Probe (Chrono Boost)  
  17  0:57  Probe (Chrono Boost)  
  18  1:08  Probe (Chrono Boost)  
  19  1:20  Nexus  
  19  1:24  Probe (Chrono Boost)  
  20  1:34  Cybernetics Core  
  20  1:38  Probe (Chrono Boost)  
  21  1:43  Assimilator  
  21  1:48  Probe (Chrono Boost)  
  21  1:54  Pylon  
  22  1:57  Warp Gate  
  22  1:59  Probe (Chrono Boost)  
  23  2:12  Probe (Chrono Boost)  
  26  2:15  Stalker (Chrono Boost)  
  26  2:24  Probe  
  26  2:29  Twilight Council  
  27  2:31  Probe  
  27  2:36  Probe  
  29  2:41  Probe  
  30  2:48  Mothership Core  
  32  2:52  Probe  
  33  2:59  Charge (Chrono Boost)  
  33  3:03  Probe  
  34  3:09  Probe  
  35  3:12  Gateway  
  35  3:13  Gateway  
  35  3:17  Gateway  
  35  3:19  Probe  
  36  3:21  Probe  
  37  3:31  Pylon, Probe  
  37  3:34  Probe  
  39  3:39  Pylon  
  39  3:43  Probe  
  39  3:46  Probe  
  41  3:55  Probe  
  42  3:56  Assimilator  
  42  3:58  Probe  
  42  3:59  Zealot  
  45  4:07  Robotics Facility  
  45  4:09  Zealot x2  
  50  4:10  Probe  
  50  4:11  Zealot  
  50  4:13  Probe  
  53  4:18  Zealot  
  53  4:22  Probe  
  56  4:27  Probe  
  56  4:30  Pylon, Zealot x2  
  61  4:43  Zealot  
  59  4:51  Nexus  
  57  4:53  Pylon  
  57  4:55  Warp Prism (Chrono Boost)  
  59  5:00  Assimilator, Probe (Chrono Boost)  
  59  5:03  Probe (Chrono Boost)  
  61  5:07  Forge  
  62  5:14  Probe (Chrono Boost)  
  62  5:15  Sentry x2  
  62  5:17  Pylon  
  62  5:18  Sentry  
  66  5:23  Pylon  
  66  5:26  Probe (Chrono Boost)  
  59  5:31  Observer  
  59  5:32  Protoss Ground Weapons Level 1 (Chrono Boost)  
  59  5:34  Probe (Chrono Boost)  
  61  5:36  Templar Archives  
  61  5:37  Probe (Chrono Boost)  
  62  5:43  Probe (Chrono Boost)  
  62  5:49  Pylon, Zealot x2  
  67  5:50  Zealot  
  67  5:52  Probe  
  69  5:58  Probe  
  69  6:00  Immortal (Chrono Boost)  
  69  6:03  Probe  
  74  6:04  Probe  
  74  6:06  Zealot, Psionic Storm  
  74  6:10  Probe  
  79  6:13  Probe  
  80  6:19  Probe  
  80  6:21  High Templar x2  
  80  6:23  High Templar  
  87  6:26  Probe  
  87  6:27  Probe  
  87  6:28  Assimilator  
  87  6:30  Assimilator  
  87  6:32  Probe  
  90  6:41  Gateway  
  90  6:42  Gateway, Probe  
  90  6:43  Probe  
  90  6:44  Probe  
  93  6:52  Gateway  
  93  6:53  Gateway, Probe  
  93  6:55  High Templar x2  
  93  6:58  Probe  
  99  7:06  Pylon  
  99  7:08  Photon Cannon  
  99  7:09  Probe  
  99  7:13  Photon Cannon  
  99  7:14  Pylon  
  99  7:15  Probe  
  101  7:18  Dark Shrine  
  101  7:21  Protoss Ground Weapons Level 2  
  101  7:22  Probe  
  101  7:24  Pylon  
  102  7:34  Pylon  
  102  7:36  High Templar x2  
  102  7:37  Zealot x2  
  108  7:40  Immortal (Chrono Boost)  
  114  7:44  Archon  
  114  7:54  Pylon  
  114  7:59  Pylon  
  114  8:00  Stalker x3  
  120  8:08  Photon Cannon  
  120  8:16  Pylon  
  120  8:20  Probe  
  120  8:22  Immortal (Chrono Boost)  
  123  8:31  Nexus  
  123  8:35  Dark Templar x3, Photon Cannon  
  123  8:36  Dark Templar  
  123  8:37  Photon Cannon  
  131  8:43  Zealot x3  
  135  8:49  Pylon  
  135  8:50  Pylon  
  135  9:00  Probe x2  
  122  9:03  Probe  
  121  9:12  Probe  
  121  9:13  Probe  
  121  9:14  Probe  
  122  9:25  Probe  
  122  9:26  Zealot  
  122  9:27  Zealot x6  
  92  9:39  Dark Templar  
  92  9:40  Probe x2  
  92  9:41  Probe  
  92  9:48  Dark Templar x3  
  92  9:55  Probe x2  
  92  10:00  High Templar x4  
  92  10:02  Archon  
  98  10:14  High Templar  
  100  10:23  Probe x2  
  100  10:24  Probe  
  101  10:28  High Templar x2  
  101  10:29  High Templar  
  101  10:33  High Templar, Zealot x3  
  101  10:34  Archon  
  115  10:38  Immortal (Chrono Boost)  
  119  10:45  Nexus  
  119  10:49  High Templar, Pylon  
  121  10:58  Archon  
  121  11:05  Nexus  
  121  11:06  Pylon, Protoss Ground Weapons Level 3  
  121  11:08  High Templar x2  
  121  11:09  Zealot x3, Sentry  
  133  11:14  Archon  
  133  11:24  Pylon  
  133  11:25  Photon Cannon  
  133  11:27  Photon Cannon  
  133  11:30  Photon Cannon  
  133  11:33  Photon Cannon  
  129  11:45  Assimilator  
  129  11:50  Assimilator  
  129  11:51  Probe  
  129  11:52  Probe  
  131  11:57  Stalker  
  131  11:58  Stalker, Probe  
  122  12:02  High Templar  
  122  12:03  High Templar, Probe  
  122  12:04  Probe  
  126  12:08  Probe  
  126  12:15  Probe  
  128  12:16  High Templar x2, Archon, Probe  
  128  12:19  Probe  
  134  12:27  Archon, Probe  
  134  12:28  Probe  
  134  12:30  Probe  
  134  12:36  Dark Templar x2  
  137  12:39  Probe  
  137  12:40  Probe  
  137  12:41  Zealot x4  
  137  12:43  Observer (Chrono Boost)  
  146  12:50  Pylon  
  146  12:51  Stargate  
  144  13:02  Zealot x2  
  144  13:03  Zealot  
  144  13:11  Zealot x2  
  145  13:12  Probe  
  145  13:17  Zealot x2  
  144  13:22  Probe  
  145  13:30  Probe  
  145  13:32  Probe  
  147  13:36  Probe  
  147  13:41  Probe  
  148  13:46  High Templar x5  
  148  13:47  High Templar  
  142  13:55  Archon x2  
  136  14:05  Zealot x2  
  136  14:06  Probe  
  136  14:08  Probe x2  
  143  14:13  Fleet Beacon  
  143  14:19  Dark Templar  
  146  14:31  Probe x2  
  146  14:36  Zealot  
  146  14:37  Pylon  
  147  14:48  Dark Templar x2  
  147  14:56  Photon Cannon  
  147  14:58  Photon Cannon  
  147  15:04  Mothership Core  
  147  15:07  Zealot  
  147  15:08  Zealot x6  
  130  15:32  High Templar x6  
  130  15:33  High Templar x2  
  146  15:41  Archon x3  
  146  15:42  Archon  
  152  16:01  Pylon  
  150  16:09  Zealot x3  
  152  16:12  Zealot x3  
  157  16:20  High Templar x2  
  157  16:21  Probe  
  162  16:30  Pylon  
  162  16:34  Zealot  
  164  16:48  Dark Templar x2  
  166  16:56  Zealot x6  
  152  17:24  Zealot x6  
  152  17:25  Zealot  
  164  17:46  Stargate  
  164  17:49  Dark Templar  
  164  17:50  Dark Templar  
  168  17:52  Stargate  
  168  17:57  Probe  
  163  18:25  Zealot  
  163  18:26  Zealot x6  
  177  18:33  Observer (Chrono Boost)  
  168  18:39  Pylon  
  152  18:50  Tempest  
  158  19:01  Dark Templar x2  
  162  19:08  Tempest  
  168  19:29  Probe x2  
  168  19:35  Dark Templar  
  168  19:36  Dark Templar  
  170  19:48  Oracle  
  170  19:49  Tempest  
  173  19:55  Tempest  
  177  20:13  High Templar  
  178  20:15  Zealot  
  178  20:16  Zealot x3  
  111  20:45  High Templar  
  111  20:46  High Templar x3  
  119  20:52  Archon x2  
  119  20:55  Probe  
  99  22:07  Probe x2  
  100  22:08  Probe x2  
  100  22:10  Dark Templar  
  105  22:27  Probe  
  106  22:39  Probe  
  106  22:40  Probe  
  108  22:56  Probe  
  108  22:57  Probe  
  110  23:20  Dark Templar  
  108  23:30  Probe  
  108  23:32  Probe  
  108  23:33  Probe  
  111  23:41  Probe  
  111  23:42  Probe  
  111  23:43  Probe  
  110  23:56  High Templar x2  
  105  24:26  High Templar  
  72  24:46  High Templar  
  68  25:15  Nexus  
  58  25:56  Nexus  
Show
View Real Time Build Order
Export as new Build Order

McMonMEMEroe Zerg - Winner!

Build Orders: Hatch First 

Get SALT Encoding   

  12  0:03  Drone  
  13  0:12  Overlord  
  13  0:27  Drone  
  14  0:31  Drone x2  
  16  0:38  Drone  
  17  0:52  Hatchery  
  17  0:56  Drone  
  17  0:59  Drone  
  18  1:10  Extractor  
  17  1:14  Spawning Pool  
  17  1:16  Drone  
  17  1:21  Drone  
  18  1:32  Drone  
  19  1:42  Overlord  
  19  1:53  Drone  
  20  2:00  Queen  
  22  2:04  Zergling x2  
  22  2:05  Queen  
  22  2:06  Zergling x2  
  26  2:10  Metabolic Boost  
  26  2:15  Drone x2  
  28  2:27  Drone x2  
  30  2:39  Hatchery  
  30  2:40  Drone  
  31  2:44  Drone  
  31  2:49  Pneumatized Carapace  
  31  2:53  Overlord  
  31  2:56  Drone  
  32  3:00  Drone  
  32  3:02  Drone  
  34  3:08  Drone x2  
  34  3:11  Overlord  
  36  3:14  Drone x2  
  36  3:15  Drone  
  36  3:19  Drone  
  40  3:24  Queen  
  42  3:28  Drone  
  42  3:30  Drone  
  42  3:31  Drone  
  42  3:32  Drone  
  46  3:37  Overlord  
  46  3:47  Evolution Chamber  
  45  3:50  Drone x4  
  45  3:54  Baneling Nest  
  48  3:57  Zergling x6  
  48  4:02  Zergling x2  
  52  4:07  Queen  
  52  4:09  Zergling x4  
  56  4:13  Overlord  
  56  4:14  Zerg Melee Weapons Level 1  
  56  4:16  Queen  
  58  4:18  Zergling x4  
  58  4:19  Zergling x2  
  61  4:24  Overlord  
  61  4:25  Zergling x2  
  61  4:26  Zergling x2  
  61  4:30  Zergling x6  
  64  4:49  Baneling x2  
  64  4:50  Baneling x2  
  61  4:53  Drone x6  
  61  4:54  Extractor, Drone x3  
  61  4:55  Extractor  
  61  4:58  Overlord  
  68  5:03  Drone  
  68  5:05  Drone  
  68  5:16  Drone x5  
  72  5:25  Zergling x14  
  72  5:28  Hatchery, Lair  
  76  5:36  Drone x3  
  76  5:37  Drone  
  80  5:43  Hatchery  
  80  5:44  Drone x4  
  80  5:47  Drone  
  84  5:58  Extractor  
  84  5:59  Extractor  
  84  6:00  Drone x3  
  84  6:01  Extractor  
  90  6:04  Drone x6  
  90  6:06  Overlord  
  90  6:12  Overlord x2  
  89  6:26  Centrifical Hooks, Zerg Melee Weapons Level 2  
  89  6:29  Baneling x7, Hydralisk Den  
  89  6:30  Zergling x2  
  89  6:31  Zergling x20  
  99  6:50  Drone x11  
  99  6:54  Overlord  
  110  6:57  Overlord  
  110  7:04  Muscular Augments  
  110  7:07  Overlord, Baneling x3  
  110  7:15  Hydralisk x10  
  130  7:23  Overlord  
  130  7:27  Hydralisk x4  
  138  7:40  Hydralisk x4  
  138  7:42  Overlord x6  
  146  7:49  Overlord x4  
  147  7:51  Zergling x4  
  147  7:52  Overseer  
  144  8:14  Hydralisk x4  
  144  8:15  Zergling x18  
  144  8:16  Zergling x18  
  170  8:22  Drone  
  170  8:25  Baneling x6  
  170  8:26  Baneling x2  
  170  8:30  Overlord  
  170  8:34  Zergling x10  
  175  8:35  Hatchery  
  174  8:45  Baneling x24  
  174  8:51  Zergling x2  
  174  8:52  Zergling x12  
  179  9:01  Zerg Missile Weapons Level 1  
  179  9:02  Overseer  
  174  9:04  Overseer  
  174  9:05  Overseer  
  166  9:10  Zergling x24  
  166  9:14  Overseer  
  166  9:20  Drone x3  
  153  9:28  Zergling x2  
  153  9:29  Zergling x4  
  138  9:35  Zergling x4  
  122  9:44  Drone x5  
  120  9:52  Overseer  
  111  9:59  Drone x6  
  112  10:10  Drone x6  
  118  10:16  Baneling x6  
  118  10:17  Baneling x4  
  117  10:23  Drone x4  
  120  10:30  Drone x3  
  120  10:31  Drone x3  
  120  10:33  Drone  
  120  10:35  Drone x2  
  129  10:41  Drone x4  
  133  10:47  Baneling x9  
  133  10:51  Drone x5  
  138  10:59  Zergling x16  
  146  11:08  Drone x3  
  146  11:10  Hydralisk x3  
  155  11:16  Hydralisk x2  
  159  11:28  Hydralisk x6  
  171  11:39  Hydralisk x3  
  171  11:40  Hydralisk x3  
  182  11:48  Zergling x16  
  182  11:53  Overlord x2  
  184  12:08  Drone x5  
  186  12:13  Spore Crawler  
  186  12:15  Spine Crawler x2  
  186  12:16  Spine Crawler  
  186  12:18  Zergling x2  
  186  12:19  Zergling x24  
  196  12:40  Baneling x4  
  196  12:46  Baneling x17  
  191  13:11  Zergling x34  
  199  13:17  Baneling  
  199  13:18  Baneling x18  
  195  13:20  Zergling x8  
  195  13:21  Overseer  
  197  13:41  Zerg Missile Weapons Level 2  
  197  13:44  Infestation Pit  
  189  13:50  Zergling x32  
  185  14:05  Baneling x7  
  169  14:19  Zergling x16  
  169  14:20  Zergling x22  
  169  14:22  Baneling x11  
  169  14:23  Hive  
  188  14:24  Spire  
  188  14:26  Drone x3  
  188  14:27  Zergling x2, Extractor  
  188  14:28  Queen  
  188  14:29  Queen  
  193  14:48  Zergling x32  
  194  15:13  Hatchery  
  160  15:22  Zergling x2, Hydralisk x4  
  160  15:23  Zergling x26  
  160  15:24  Zergling x4  
  160  15:26  Baneling x6  
  164  15:37  Greater Spire  
  164  15:39  Adrenal Glands, Extractor  
  164  15:41  Zergling x22  
  171  15:53  Zergling x12  
  177  15:57  Baneling x12  
  177  15:58  Baneling x2  
  175  16:04  Baneling x6  
  175  16:05  Baneling x3  
  167  16:19  Queen  
  167  16:21  Corruptor x6  
  167  16:24  Zergling x18  
  190  16:27  Hatchery  
  189  16:39  Drone  
  192  16:40  Drone x2  
  192  16:53  Brood Lord x4  
  196  17:02  Zergling x6  
  198  17:12  Zergling x2  
  198  17:13  Zergling x22  
  195  17:17  Brood Lord x2  
  196  17:24  Drone x5  
  196  17:39  Hatchery  
  195  17:47  Baneling x20  
  195  17:48  Overseer  
  195  17:53  Drone x2  
  195  17:55  Drone  
  188  18:05  Overseer  
  188  18:07  Corruptor x3  
  194  18:15  Baneling x9  
  194  18:18  Zergling x10  
  196  18:28  Zergling x2  
  196  18:29  Zergling x2  
  196  18:33  Drone x6  
  173  18:54  Hatchery  
  172  19:04  Drone x8  
  180  19:10  Zergling x6  
  181  19:25  Brood Lord  
  181  19:26  Brood Lord  
  181  19:29  Brood Lord  
  186  19:37  Baneling  
  186  19:38  Hydralisk x2  
  190  19:49  Corruptor  
  190  19:50  Corruptor  
  194  19:57  Zergling x10  
  193  20:04  Corruptor  
  193  20:06  Overseer  
  189  20:18  Zergling x6  
  183  20:33  Corruptor  
  172  20:50  Zergling x8  
  172  20:51  Zergling x20  
  172  20:54  Extractor x2  
  182  21:13  Hydralisk  
  182  21:18  Hatchery  
  183  21:31  Drone  
  184  21:32  Extractor  
  184  21:33  Extractor  
  182  21:43  Drone x4  
  182  21:48  Hatchery  
  182  21:49  Drone x2  
  182  21:52  Drone  
  184  21:55  Drone x2  
  186  22:03  Corruptor  
  186  22:13  Drone x3  
  189  22:23  Corruptor  
  189  22:26  Zerg Flyer Weapons Level 1  
  191  22:35  Hydralisk x2  
  195  22:47  Corruptor, Spine Crawler  
  195  22:48  Spine Crawler  
  195  22:50  Spine Crawler  
  194  22:54  Hydralisk x2  
  194  22:55  Hydralisk  
  192  23:45  Hydralisk x2  
  192  23:46  Hydralisk  
  198  23:48  Hatchery  
  196  23:59  Corruptor x2  
  200  24:14  Hydralisk x3  
  192  24:25  Zergling x2  
  192  24:26  Zergling x22  
  196  24:34  Zergling x10  
  183  24:47  Zergling x18  
  188  25:07  Hydralisk x4  
  182  25:14  Overseer x2  
  182  25:22  Zergling x2  
  182  25:23  Zergling x6  
  161  26:08  Hatchery  
Tags
 
Add a new tag
Caveats
  • Supply blocks, unpowered buildings, or Contaminate may cause inaccurate times.
  • Supply counts are checked every 10 seconds.